 Dungeon Crawl Stone Soup version 0.21.1-1-g345015fe64 (webtiles) character file.

60 Gargoyl the Skirmisher (level 3, -8/31 HPs)
             Began as a Centaur Abyssal Knight on Apr 3, 2018.
             Was a Follower of Lugonu.
             Killed by divine providence
             ... invoked by an orc priest
              (15 damage)
             ... on level 2 of the Dungeon.
             The game lasted 00:04:27 (2479 turns).

Gargoyl the Skirmisher (Centaur Abyssal Knight)     Turns: 2479, Time: 00:04:28

Health: -8/31      AC: 12    Str: 12 (14) XL:     3   Next: 82%
Magic:  4/4        EV: 17    Int: 10 (11) God:    Lugonu [*.....]
Gold:   179        SH:  0    Dex:  6 (9)  Spells: 2/2 levels left

rFire    . . .     SeeInvis .   (weapon currently unavailable)
rCold    . . .     Gourm    .   (shield currently unavailable)
rNeg     + + +     Faith    .   (armour currently unavailable)
rPois    +         Spirit   .   (helmet currently unavailable)
rElec    .         Reflect  .   (cloak currently unavailable)
rCorr    .         Harm     .   (gloves currently unavailable)
MR       .....                  (no barding)
Stlth    +.........             (no amulet)
HPRegen  0.10/turn              (no ring)
MPRegen  0.09/turn              (no ring)

@: fungus-form (expiring)
A: tiny
a: Depart the Abyss, Renounce Religion


You were on level 2 of the Dungeon.
You worshipped Lugonu.
Lugonu was aware of your devotion.
You were very hungry.
You were a sentient fungus.
You visited 1 branch of the dungeon, and saw 2 of its levels.
You visited the Abyss 1 time.

You collected 179 gold pieces.

Inventory:

Hand Weapons
 a - a +1 hand axe (melded)
Armour
 e - a +0 buckler (melded)
 j - a +0 plate armour (melded)
Wands
 d - a wand of polymorph (10)
Scrolls
 b - a scroll of amnesia
 g - a scroll of enchant armour {unknown}
 h - a scroll of teleportation
Potions
 f - a potion of agility
 i - 2 potions of curing {unknown}
Comestibles
 c - 6 rations


   Skills:
 + Level 3.4 Fighting
 + Level 2.5 Axes
 * Level 1.8 Armour
 + Level 1.0 Dodging
 * Level 2.6 Invocations


You had 2 spell levels left.
You didn't know any spells.

Dungeon Overview and Level Annotations

Branches:
Dungeon (2/15)

Altars:


Innate Abilities, Weirdness & Mutations

((You have hooves in place of feet.))
((Armour fits poorly on your strangely shaped body.))
((You cover ground very quickly.))
((You have extremely tough skin. (AC +3)))


Message History

You release spores at the jackal but do no damage.
The jackal appears confused.
You release spores at the jackal.
The jackal is lightly wounded.
Your transformation is almost over.
The jackal bites you but does no damage.
The jackal completely misses you.
You release spores at the jackal but do no damage.
The jackal is lightly wounded.
The orc priest invokes the aid of Beogh against you.
Beogh smites you!
* * * LOW HITPOINT WARNING * * *
The jackal closely misses you.
You release spores at the jackal but do no damage.
The jackal appears confused.
The jackal is lightly wounded.
The jackal completely misses you.
The orc priest calls down the wrath of Beogh upon you.
Beogh smites you!
You die...

#.......#.....#.##.
...o
#.......#..####.##.
.... #.......#..#
#.... .....
#.8...8.#..# #####
..... #.......#..#
...... .....##..#
....oo# .⌠.###..#
....ooh#######...#
#hhf......#.#
####..#####.#
#.######.####
#...........#
#...........#
#...........#
#.............#
#.......(.....#
##.#.#.#.##...#


You could see an orc priest, an orc wizard, 2 orcs and 3 jackals.

Vanquished Creatures
  2 adders (D:2)
  3 worms (D:2)
  A ball python (D:1)
  3 bats
  4 giant cockroaches
  3 goblins
  2 hobgoblins (D:1)
  4 jackals (D:1)
  A quokka (D:2)
  2 frilled lizards (D:2)
  2 kobolds (D:2)
  4 rats
31 creatures vanquished.

Notes
Turn   | Place    | Note
-------+----------+-------------------------------------------
     0 | Abyss:1  | Gargoyl the Centaur Abyssal Knight began the quest for the Orb.
     0 | Abyss:1  | Reached XP level 1. HP: 19/19 MP: 2/2
    41 | Abyss:1  | Noticed a small abomination
   147 | Abyss:2  | Noticed a small abomination
   189 | Abyss:2  | Noticed a Hell Sentinel
   199 | Abyss:2  | Noticed a ynoxinul
   217 | Abyss:3  | Found a corrupted altar of Lugonu.
   273 | Abyss:3  | Found a corrupted altar of Lugonu.
   281 | Abyss:3  | Noticed a chaos spawn
   295 | Abyss:3  | Noticed a worldbinder
   355 | Abyss:3  | Noticed an efreet
   372 | Abyss:3  | Noticed a large abomination
   388 | D:1      | Escaped the Abyss
   688 | D:1      | Reached * piety under Lugonu
   788 | D:1      | Reached XP level 2. HP: 26/26 MP: 3/3
   897 | D:1      | Reached skill level 1 in Dodging
  1378 | D:2      | Reached XP level 3. HP: 19/31 MP: 4/4
  2479 | D:2      | Killed from afar by an orc priest

Skill      XL: |  1  2 |
---------------+-------+-----
Axes           | 2 |  2.5
Dodging        | 1 |  1.0
Fighting       | |  3.4
Armour         | |  1.8
Invocations    | |  2.6

Action                   || total
-------------------------++-------
Melee: Hand axe          ||    99
       Kick              ||     8
       Unarmed           ||    11
Invok: Depart the Abyss  ||     1
Evoke: Wand              ||     3
  Use: Scroll            ||     6
       Potion            ||     3
 Stab: Confused          ||     1
  Eat: Chunk             ||     2
Armor: Leather armour    ||    38
       Plate armour      ||    60
       Skin              ||     1
Dodge: Dodged            ||    44
Block: Buckler           ||    13
